 Dungeon Crawl Stone Soup version 0.21-a0-229-g3587535 (webtiles) character file.

365 pokedragonboy the Skirmisher (level 6, -6/39 HPs)
             Began as a Gargoyle Fighter on Sept 1, 2017.
             Killed by divine providence
             ... invoked by an orc priest
              (13 damage)
             ... on level 4 of the Dungeon.
             The game lasted 00:03:56 (1830 turns).

pokedragonboy the Skirmisher (Gargoyle Fighter)     Turns: 1830, Time: 00:03:57

Health: -6/39      AC: 11    Str: 26    XL:     6   Next: 68%
Magic:  6/6        EV:  7    Int:  8    God:
Gold:   89         SH: 14    Dex: 10    Spells: 5/5 levels left

rFire    . . .     SeeInvis +   a - +0 war axe
rCold    . . .     Gourm    .   c - +0 shield
rNeg     + . .     Faith    .   b - +0 scale mail
rPois    ∞         Spirit   .   (no helmet)
rElec    +         Reflect  +   (no cloak)
rCorr    .         Harm     .   (no gloves)
MR       .....                  (no boots)
Stlth    ..........             s - +4 amulet of reflection
HPRegen  0.13/turn              q - ring of see invisible
MPRegen  0.10/turn              p - ring of loudness (curse)

@: mighty
A: negative energy resistance 1, electricity resistance, unbreathing,
petrification resistance, rot immunity, AC +4
a: no special abilities


You were on level 4 of the Dungeon.
You were hungry.

You visited 1 branch of the dungeon, and saw 4 of its levels.

You collected 89 gold pieces.

Inventory:

Hand Weapons
 a - a +0 war axe (weapon)
Armour
 b - a +0 scale mail (worn)
 c - a +0 shield (worn)
Jewellery
 p - a cursed ring of loudness (right hand)
 q - a ring of see invisible (left hand)
 s - a +4 amulet of reflection (around neck)
Wands
 t - a wand of iceblast (12/15)
Scrolls
 h - a scroll of fear {unknown}
 i - a scroll of remove curse {unknown}
 k - 2 scrolls of recharging {unknown}
 l - a scroll of immolation
 n - a scroll of random uselessness {unknown}
 u - a scroll of blinking {unknown}
 y - a scroll of teleportation {unknown}
Potions
 e - 3 potions of berserk rage {unknown}
 j - 3 potions of curing
 o - a potion of brilliance
 v - 2 potions of invisibility {unknown}
 w - a potion of lignification {unknown}
 x - a potion of resistance {unknown}
Comestibles
 f - 4 bread rations
 g - 2 chunks of flesh
 m - a meat ration
 r - a fruit


   Skills:
 + Level 4.5 Fighting
 * Level 4.2 Axes
 + Level 4.4 Armour
 + Level 4.5 Shields


You had 5 spell levels left.
You didn't know any spells.

Dungeon Overview and Level Annotations

Branches:
Dungeon (4/15)
 Temple: D:4-7

Altars:


Innate Abilities, Weirdness & Mutations

You are resistant to torment.
Your stone body is resilient. (AC +4)
You are immune to poison.
You resist negative energy. (rN+)
You are resistant to electric shocks. (rElec)
You can survive without breathing.
You are immune to petrification.
You are immune to rotting.


Message History

You block the worker ant's attack. You block the orc priest's attack.
The orc priest hits you but does no damage.
The worker ant bites you.
* * * LOW HITPOINT WARNING * * *
The orc priest looks encouraged for a moment.
You hit the orc priest but do no damage.
The orc priest is lightly wounded.
You slash the worker ant! You slash the orc priest!
You kill the orc priest!
You block the worker ant's attack.
The orc priest hits you but does no damage.
Unknown command.
You are feeling hungry.
You hit the orc priest but do no damage.
The orc priest is lightly wounded.
You slash the worker ant!
You kill the worker ant!
The orc priest calls down the wrath of Beogh upon you.
Beogh smites you!
You die...

...## .... # .# #...# #.
#.# #.... #. #.# ....# .
#.###.#### #.#.#
#.####........ #.#.#
#.)....ooo.##### #.#.#
#......#@......###.#.####
.........................
...?............##.#.#...
<........#####..##.#.#.##
......†.†# #..##.#.#.#
#........# #..##.>.#.#
##.....#.# #..##..##.#
##...##.# #..##..# .#
##.. #.# #......# .#


You could see 2 orc priests and an orc.

Vanquished Creatures
  A phantom (D:4)
  A scorpion (D:4)
  A howler monkey (D:4)
  An orc priest (D:4)
  Ijyb (D:3)
  A worker ant (D:4)
  3 adders
  2 oozes (D:1)
  5 worms
  2 dart slugs
  2 leopard geckos
  5 giant cockroaches
  6 goblins
  7 hobgoblins
  2 jackals (D:4)
  5 kobolds
  2 quokkas (D:2)
  3 ball pythons
  5 bats
  2 frilled lizards
  12 rats
69 creatures vanquished.

Notes
Turn   | Place    | Note
-------+----------+-------------------------------------------
     0 | D:1      | pokedragonboy the Gargoyle Fighter began the quest for the Orb.
     0 | D:1      | Reached XP level 1. HP: 14/14 MP: 1/1
    64 | D:1      | Reached XP level 2. HP: 15/19 MP: 2/2
   249 | D:1      | Reached XP level 3. HP: 23/23 MP: 3/3
   935 | D:2      | Reached XP level 4. HP: 28/29 MP: 4/4
  1137 | D:3      | Noticed Ijyb
  1147 | D:3      | Killed Ijyb
  1725 | D:4      | Reached XP level 5. HP: 33/33 MP: 5/5
  1790 | D:4      | Noticed a phantom
  1813 | D:4      | Reached XP level 6. HP: 18/38 MP: 6/6
  1816 | D:4      | Killed a phantom
  1830 | D:4      | Killed from afar by an orc priest

Vault maps used:
D:1:      eino_arrival_tree_alley, fountainhead, minmay_misc_feat_ornament,
          minmay_statues_item, kennysheep_nondescript, st_stairs_4
D:3:      uniq_ijyb

Skill      XL: |  1  2  3  4  5  6 |
---------------+-------------------+-----
Axes           | 2 3 4 |  4.2
Fighting       | 4 |  4.5
Armour         | 4 |  4.4
Shields        | 4 |  4.5

Action                   |  1- 3 |  4- 6 || total
-------------------------+-------+-------++-------
Melee: War axe           |   108 |   102 ||   210
  Use: Scroll            |     2 |     2 ||     4
       Potion            |       |     1 ||     1
  Eat: Chunk             |       |     3 ||     3
Armor: Scale mail        |    64 |    41 ||   105
Dodge: Dodged            |    42 |    21 ||    63
Block: Shield            |    64 |    88 ||   152

Table legend:
 A = Spawn XP
 B = Non-spawn XP
 C = Spawn XP percentage of total XP
 D = Spawn monster count
 E = Non-spawn monster count
 F = Spawn count percentage of total count
 G = Total turns spent on level
                    A         B        C        D         E        F      G
               +---------+---------+-------+---------+---------+-------+---------
         Total |      50 |     472 |   9.6 |       7 |      62 |  10.1 |  1830
               +---------+---------+-------+---------+---------+-------+---------
           D:1 |       1 |      44 |   2.2 |       1 |      22 |   4.3 |   510
           D:2 |      11 |      34 |  24.4 |       4 |      19 |  17.4 |   627
           D:3 |       5 |      69 |   6.8 |       1 |      11 |   8.3 |   584
           D:4 |      33 |     325 |   9.2 |       1 |      10 |   9.1 |   109
               +---------+---------+-------+---------+---------+-------+---------
